 Dungeon Crawl Stone Soup version 0.31-a0-1172-g9944ec47dd (webtiles) character file.

Game seed: 6435435191885588706

7 bmb222 the Sneak (level 1, 0/18 HPs)
             Began as a Demonspawn Delver on Dec 10, 2023.
             Slain by a vampire (4 damage)
             ... on level 5 of the Dungeon.
             The game lasted 00:00:13 (136 turns).

bmb222 the Sneak (Demonspawn Delver)                 Turns: 136, Time: 00:00:15

Health: 0/18       AC:  3    Str: 12    XL:     1   Next: 91%
Magic:  1/1        EV: 11    Int: 10    God:
Gold:   4          SH:  0    Dex: 14    Spells: 0/0 levels left

rFire   . . .        a - +0 mace
rCold   . . .        (no shield)
rNeg    . . .        b - +0 leather armour
rPois   .            (no helmet)
rElec   .            (no cloak)
rCorr   .            (no gloves)
SInv    .            (no boots)
Will    .....        (no amulet)
Stlth   +++          (no ring)
HPRegen 0.23/turn    (no ring)
MPRegen 0.07/turn

%: no passive effects
@: no status effects
A: no striking features
a: no special abilities


You were on level 5 of the Dungeon.
You visited 1 branch of the dungeon, and saw 1 of its levels.

You collected 4 gold pieces.

Inventory:

Hand Weapons
 a - a +0 mace (weapon)
Armour
 b - a +0 leather armour (worn)
Wands
 g - a wand of digging (3)
Scrolls
 c - a scroll of fog
 d - a scroll of revelation
 e - a scroll of fear
Potions
 f - a potion of haste


   Skills:
 + Level 3.0 Fighting
 + Level 1.8 Maces & Flails
 + Level 1.8 Dodging
 + Level 4.8 Stealth


You couldn't memorise any spells.
You didn't know any spells.
Your spell library was empty.

Dungeon Overview and Level Annotations

Branches:
Dungeon (5/15)
 Temple: D:4-7

Altars:


Message History

A vampire is nearby!
A vampire is nearby!
A vampire is nearby!
There is an open door here.
You close the door.
You now have 4 gold pieces.
A shadow imp comes into view.
The helpless shadow imp fails to defend itself.
You hit the shadow imp.
The shadow imp is heavily wounded.
The shadow imp gestures at you. Pain shoots through your body!
You hit the shadow imp but do no damage.
The shadow imp is heavily wounded.
The shadow imp hits you but does no damage.
You closely miss the shadow imp.
The shadow imp is heavily wounded.
The shadow imp hits you.
You hit the shadow imp.
The shadow imp is almost dead.
The shadow imp misses you. The shadow imp gestures at you.
Pain shoots through your body!
You sock the shadow imp!
You kill the shadow imp!
You start resting.
HP restored.
A vampire is nearby!
There's a creature in the doorway!
You closely miss the vampire.
The vampire points at you and mumbles some strange words.
You struggle to resist.
You hit the vampire but do no damage. The vampire hits you!
Ouch! That really hurt!
* * * LOW HITPOINT WARNING * * *
The vampire bites you.
* * * LOW HITPOINT WARNING * * *
The vampire draws strength from your injuries!
The vampire hits you.
You die...

##.##.###.......#
#####......#.........#
...........'.........+
####.......#.........#
#.#.######.......##
#.### ##.....## #.#
##...## #.# ##V# #.# #@#
####.#### #.#######
#.......# ##.......#
#.##.##.#######...####.#
#.##....................
#.#####.#######...####.#
#.#####.# ##..#
#.......# #....
######### #.####


You could see a vampire.

Vanquished Creatures
  A shadow imp (D:5)
1 creature vanquished.

Notes
Turn   | Place    | Note
-------+----------+-------------------------------------------
     0 | D:5      | bmb222 the Demonspawn Delver began the quest for the Orb.
     0 | D:5      | Reached XP level 1. HP: 18/18 MP: 1/1
    13 | D:5      | Noticed a vampire
   136 | D:5      | Slain by a vampire

Illustrated notes

Levels and vault maps discovered:
D:5:      layout_loops_corners, nicolae_overflow_squiral, ebering_ghost_sewer_f

Action                     || total
---------------------------++-------
  Melee: Mace              ||     7
   Stab: Sleeping          ||     1
 Armour: Leather armour    ||     5
  Dodge: Dodged            ||     1

Table legend: (Time is in decaauts)
 A = Elapsed time spent in this place.
 B = Non-inter-level travel time spent in this place.
 C = Inter-level travel time spent in this place.
 D = Time resting spent in this place.
 E = Time spent auto-exploring this place.
 F = Levels seen in this place.
 G = Mean time per level.
                   A        B        C        D        E       F      G
               +--------+--------+--------+--------+--------+-----+--------+
         Total |    137 |    137 |      0 |     22 |     78 |   1 |  137.0 |
       Dungeon |    137 |    137 |      0 |     22 |     78 |   1 |  137.0 |
               +--------+--------+--------+--------+--------+-----+--------+

Top non-repeatable levels by time:
     D:5: 137 daAuts
